 Dungeon Crawl Stone Soup version 0.31-a0-217-g58bb5d79cf (webtiles) character file.

Game seed: 8050552631131896190

118279 Gargoyl the Severer (level 16, 0/107 HPs)
             Began as a Gargoyle Berserker on July 3, 2023.
             Was a High Priest of Trog.
             Shot with a bolt by a yaktaur (19 damage)
             ... led by a yaktaur captain
             ... on level 2 of the Vaults.
             The game lasted 00:34:54 (21841 turns).

Gargoyl the Severer (Gargoyle Berserker)           Turns: 21841, Time: 00:34:55

Health: 0/107      AC: 31    Str: 25    XL:     16   Next: 76%
Magic:  14/14      EV: 15    Int:  9    God:    Trog [*****.]
Gold:   952        SH:  5    Dex: 15    Spells: 15/15 levels left

rFire   + . .        F - +13 consecrated labrys {holy, Valiant Fragile Fly SInv}
rCold   + . .        (no shield)
rNeg    + . .        r - +5 ring mail of the Doldrums {+Blink rElec rC+ Str+3}
rPois   ∞            x - +2 hat
rElec   +            e - +0 cloak
rCorr   .            H - +0 pair of gloves
SInv    +            n - +1 pair of boots
Will    +++..        p - amulet of reflection
Stlth   ++           D - +4 ring of slaying
HPRegen 1.37/turn    s - ring of protection from fire
MPRegen 0.14/turn

%: reflection
@: about to teleport, strong-willed (expiring), on berserk cooldown, flying,
regenerating (expiring), slowed, very slow
A: sickness immunity, AC +12, big wings, negative energy resistance 1,
electricity resistance, torment resistance 1, petrification resistance, talons
1, low MP 1
a: Renounce Religion, Evoke Blink, Berserk, Trog's Hand, Brothers in Arms


You were on level 2 of the Vaults.
You worshipped Trog.
Trog was extremely pleased with you.
You visited 3 branches of the dungeon, and saw 21 of its levels.
You visited the Abyss 1 time.
You visited 1 bazaar.
You also visited: Ossuary and Ice Cave.

You collected 1553 gold pieces.
You spent 601 gold pieces at shops.

Inventory:

Hand Weapons
 a - a +3 hand axe of protection
 w - a +0 broad axe
 y - a +1 scimitar of flaming
 F - the +13 consecrated labrys (weapon) {holy, Valiant Fragile Fly SInv}
   (You found it on level 11 of the Dungeon)

   Valiant:   It becomes more powerful as more dangerous foes come into view.
   SInv:      It lets you see invisible.
   Fly:       It grants you flight.
   Fragile:   It will be destroyed if unequipped.
 G - the +9 short sword "Ogyistem" {venom, *Rage +Blink rPois Str+3}
   (You found it in an ice cave)

   Str:       It affects your strength (+3).
   rPois:     It protects you from poison.
   +Blink:    It lets you blink.
   *Rage:     It berserks you when you make melee attacks (+20% chance).
Missiles
 N - 20 poisoned darts (quivered)
Armour
 e - a +0 cloak (worn)
 n - a +1 pair of boots (worn)
 r - the +5 ring mail of the Doldrums (worn) {+Blink rElec rC+ Str+3}
   (You bought it in a shop on level 6 of the Dungeon)

   Str:       It affects your strength (+3).
   rC:        It protects you from cold.
   rElec:     It insulates you from electricity.
   +Blink:    It lets you blink.
 x - a +2 hat (worn)
 H - a +0 pair of gloves (worn)
 L - the +1 robe of Vines {NoPotionHeal Regen++++}
   (You found it on level 5 of the Lair of Beasts)

   NoPotionHeal: Its wearer cannot be healed by potions.
   Regen:     It increases your rate of health regeneration.
Jewellery
 f - the ring of Wynus {rC+ Str+4 Dex+6}
   (You acquired it on level 1 of the Vaults)

   [ring of dexterity]

   Str:       It affects your strength (+4).
   Dex:       It affects your dexterity (+6).
   rC:        It protects you from cold.
 g - a ring of protection from cold
 p - an amulet of reflection (around neck)
 s - a ring of protection from fire (right hand)
 D - a +4 ring of slaying (left hand)
Wands
 q - a wand of charming (24)
 B - a wand of polymorph (12)
 C - a wand of roots (2)
 J - a wand of flame (26)
Scrolls
 b - 10 scrolls of fear
 c - 3 scrolls of revelation
 h - 7 scrolls of teleportation
 u - 4 scrolls of fog
 A - 10 scrolls of identify
 I - 2 scrolls of poison
Potions
 d - 7 potions of lignification
 i - 3 potions of berserk rage
 j - a potion of brilliance {unknown}
 k - 2 potions of invisibility {unknown}
 l - 2 potions of might
 m - 11 potions of curing
 t - 2 potions of haste
 v - 2 potions of magic
 z - 2 potions of enlightenment
 M - 2 potions of cancellation


   Skills:
 + Level 14.4 Fighting
 + Level 18.3 Axes
 + Level 0.6(13.0) Maces & Flails
 + Level 10.2 Armour
 + Level 8.3 Dodging
 + Level 5.4 Stealth
 + Level 8.9 Shields
 + Level 0.1 Evocations


You had 15 spell levels left.
You didn't know any spells.
Your spell library was empty.

Dungeon Overview and Level Annotations

Branches:
Dungeon (14/15)            Temple (0/1) D:5            Lair (5/5) D:11
 Shoals (0/4) Lair:2       Spider (0/4) Lair:3        Slime (0/5) Lair:5
    Orc (0/2) D:12         Vaults (2/5) D:14        Ossuary (visited)
  IceCv (visited)
  Crypt: Vaults:2-3

Altars:
Dithmenos
Elyvilon
Trog
Uskayaw
Vehumet
Wu Jian
Xom
Zin

Shops:
D:3 [   D:4 ?   D:6 [   D:12 ![(

Annotations:
D:13 2 transporters, grizmgrazm2's ghost, journeyman TrTm
Vaults:1 Asterion


Innate Abilities, Weirdness & Mutations

You are immune to sickness and miasma.
Your stone body is resilient. (AC +12)
You are immune to poison.
Your large and strong wings let you fly.
You resist negative energy. (rN+)
You are resistant to electric shocks. (rElec)
You are resistant to unholy torment.
You are immune to petrification.
You have sharp toenails.
Your magical capacity is low. (-10% MP)


Message History

The vault warden is almost dead.
You slice the yaktaur!!
You kill the yaktaur!
Trog accepts your kill.
The runic seals fade away.
The vault warden hits you with a +0 long sword.
* * * LOW HITPOINT WARNING * * *
The vault guard hits you from afar with a +2 bardiche of protection.
* * * LOW HITPOINT WARNING * * *
A dire elephant comes into view.
You chop the vault warden into pieces!!!
You kill the vault warden!
Trog accepts your kill.
Trog appreciates your killing of a magic user.
Unknown command.
A harpy comes into view.
You feel a strong urge to attack something.
The harpy screeches!
The vault guard hits you from afar with a +2 bardiche of protection!
* * * LOW HITPOINT WARNING * * *
There is an escape hatch in the floor here.
You fly downwards.
The hatch slams shut behind you.
You feel your anger nearly subside.
You are no longer berserk.
You are exhausted.
You feel yourself slow down.
The boggart shouts!
The yaktaur shouts! x2; You hear a shout!
Found a scroll of identify.
Unknown command.
As you read the scroll of teleportation, it crumbles to dust.
You feel strangely unstable.
You feel the effects of Trog's Hand fading.
The dire elephant tramples you but does no damage.
The dire elephant completely misses you.
The boggart gestures wildly while chanting.
The boggart blinks!
The yaktaur wields a +0 arbalest.
The yaktaur shoots a bolt.
The bolt hits you.
* * * LOW HITPOINT WARNING * * *
The yaktaur wields a +0 arbalest.
The yaktaur shoots a bolt.
The bolt hits you!!
You die...

#g..........#
.#.?.....#. #
..g...... #
#.#.......#.#
.gc........
#.#.§.....#.#
#c..........#
#...@...#
#......Y....#
#############


You could see a dire elephant, 2 yaktaurs and 3 boggarts.

Vanquished Creatures
  Frances (D:13)
  Gastronok (D:8)
  The ghost of Olga the Warrior, a journeyman OgEE of Vehumet (D:12)
  2 vault wardens (Vaults:1)
  5 dire elephants
  6 hydras
  A vault guard (Vaults:1)
  A catoblepas (Lair:4)
  2 ironbound frosthearts (Vaults:1)
  An ogre mage (D:14)
  The ghost of Olga the Destroyer, a journeyman TeAE of Vehumet (D:11)
  2 centaur warriors
  4 two-headed ogres
  A boulder beetle (D:13)
  Erica (D:8)
  2 death yaks (Lair:5)
  Nergalle (Lair:2)
  A deep troll (Vaults:1)
  A fire crab (Lair:5)
  2 skysharks
  Amaemon (Lair:2)
  A spectral anaconda (Lair:5)
  A bog body (IceCv)
  2 ironbound convokers (Vaults:1)
  2 lindwurms (Lair:2)
  2 wizards
  A deep elf archer (D:14)
  2 deep elf zephyrmancers (D:14)
  5 necromancers
  An obsidian statue (Lair:5)
  3 harpies (Lair:2)
  3 ugly things
  5 deep elf pyromancers
  2 oklob plants (Lair:5)
  3 cyclopes
  3 manticores
  2 ice statues (IceCv)
  A vault sentinel (Vaults:1)
  Joseph (D:7)
  6 elephants (Lair:5)
  A gargoyle (D:12)
  6 black mambas
  An orange demon (Lair:2)
  An eye of devastation (Abyss:2)
  A dire elephant skeleton (Lair:5)
  Maggie (D:8)
  10 komodo dragons
  10 yaktaurs
  9 cane toads
  An efreet (D:13)
  4 rime drakes
  A freezing wraith (IceCv)
  3 anaconda simulacra (IceCv)
  3 ancient zymes (Abyss:2)
  A kobold demonologist (D:14)
  7 ice devils (IceCv)
  5 trolls
  A meliai (Lair:3)
  3 polar bears
  12 blink frogs (Lair:2)
  4 hornets
  Prince Ribbit (D:8)
  2 spectral elephants (Lair:5)
  8 dream sheep (Lair:5)
  3 dire elephant simulacra
  14 slime creatures
  2 shadows
  Grum (D:9)
  3 wraiths
  A vampire (D:12)
  6 wyverns
  A ynoxinul (Abyss:2)
  2 basilisks
  2 small abominations (Abyss:2)
  36 yaks
  2 steam dragons
  4 vampire mosquitoes (D:12)
  A death yak simulacrum (Lair:5)
  Menkaure (D:7)
  An acid dragon (D:11)
  5 hydra simulacra (IceCv)
  12 water moccasins
  2 large abominations (Abyss:2)
  An ice beast (D:7)
  8 orc warriors
  A sky beast (D:7)
  4 ogres
  10 centaurs
  5 wolves
  2 phantoms (D:5)
  2 elephant skeletons (Lair:5)
  An elf zombie (Ossuary)
  3 kobold brigands (D:14)
  A bullfrog (shapeshifter) (Abyss:2)
  20 bullfrogs
  A cane toad simulacrum (IceCv)
  4 gnoll sergeants
  2 scorpions
  2 two-headed ogre simulacra (IceCv)
  4 wights (D:9)
  Dowan (D:7)
  18 killer bees
  4 howler monkeys
  3 electric eels
  9 crimson imps (D:13)
  2 centaur zombies (Ossuary)
  4 hounds
  A quasit (Abyss:2)
  A human zombie (Ossuary)
  4 jellies
  5 orc priests
  Crazy Yiuf (D:7)
  A gnoll bouda (D:9)
  3 sleepcaps
  2 iguanas
  9 orc wizards
  A troll simulacrum (IceCv)
  2 mummies (Ossuary)
  20 gnolls
  9 adders
  14 white imps
  2 ufetubi
  4 adder zombies (Ossuary)
  A worm (D:3)
  53 orcs
  10 ball pythons
  4 endoplasms
  4 giant cockroaches
  7 goblins
  5 hobgoblins
  8 jackals
  4 quokkas
  8 bats
  A frilled lizard (D:1)
  8 hobgoblin zombies (Ossuary)
  A jackal zombie (Ossuary)
  3 kobolds
  10 kobold zombies (Ossuary)
  8 orc zombies (Ossuary)
  3 rats
  2 rat zombies (Ossuary)
610 creatures vanquished.

Vanquished Creatures (collateral kills)
  A vault sentinel (Vaults:1)
  2 dream sheep (Lair:5)
  A jelly (Lair:5)
4 creatures vanquished.

Vanquished Creatures (others)
  A komodo dragon (Lair:2)
  Duvessa (D:7)
  A small abomination (Abyss:2)
  An ufetubus (Abyss:2)
4 creatures vanquished.

Grand Total: 618 creatures vanquished

Notes
Turn   | Place    | Note
-------+----------+-------------------------------------------
     0 | D:1      | Gargoyl the Gargoyle Berserker began the quest for the Orb.
     0 | D:1      | Reached XP level 1. HP: 14/14 MP: 1/1
   124 | D:1      | Reached XP level 2. HP: 19/19 MP: 2/2
   198 | D:1      | Reached skill level 3 in Axes
   441 | D:1      | Reached XP level 3. HP: 24/24 MP: 3/3
   490 | D:1      | Reached ** piety under Trog
   689 | D:2      | You fall into a shaft and drop 2 floors!
   755 | D:4      | Reached XP level 4. HP: 29/29 MP: 4/4
   960 | D:4      | Found Saatid Anwo's Magic Scroll Emporium.
   965 | D:4      | Bought a scroll of fear for 40 gold pieces
   965 | D:4      | Bought a scroll of enchant weapon for 75 gold pieces
  1884 | D:3      | Reached XP level 5. HP: 33/33 MP: 5/5
  1903 | D:3      | Reached skill level 4 in Axes
  2382 | D:3      | Found Duxzoaw's Antique Armour Shop.
  2875 | D:4      | Reached skill level 1 in Stealth
  3184 | D:5      | Entered Level 5 of the Dungeon
  3212 | D:5      | Reached XP level 6. HP: 39/39 MP: 6/6
  3226 | D:5      | Reached *** piety under Trog
  3307 | D:5      | Reached skill level 5 in Axes
  3379 | D:5      | Reached skill level 5 in Fighting
  3379 | D:5      | Reached skill level 1 in Shields
  3379 | D:5      | Reached XP level 7. HP: 12/44 MP: 7/7
  3630 | D:5      | Found a staircase to the Ecumenical Temple.
  3638 | D:5      | Found a radiant altar of Vehumet.
  3736 | D:5      | Reached skill level 6 in Axes
  3880 | D:5      | Noticed a yak
  3894 | D:5      | Killed a yak
  3895 | D:5      | Reached XP level 8. HP: 46/50 MP: 8/8
  4012 | D:5      | Found a hide-covered altar of Uskayaw.
  4012 | D:5      | Found a glowing silver altar of Zin.
  4012 | D:5      | Found a shimmering altar of Xom.
  4013 | D:5      | Found an ornate altar of the Wu Jian Council.
  4016 | D:5      | Found a white marble altar of Elyvilon.
  4354 | D:6      | Found a sand-covered staircase.
  4375 | Ossuary  | Entered an ossuary
  4594 | Ossuary  | Reached **** piety under Trog
  4650 | Ossuary  | Reached skill level 7 in Axes
  4768 | D:6      | Found Nuovviho's Antique Armour Shop.
  4807 | D:6      | Bought a polished ring mail for 189 gold pieces
  4807 | D:6      | Identified the +5 ring mail of the Doldrums {+Blink rElec
                  | rC+ Str+3} (You bought it in a shop on level 6 of the
                  | Dungeon)
  5608 | D:7      | Reached skill level 5 in Armour
  5610 | D:7      | Reached XP level 9. HP: 55/55 MP: 9/9
  5823 | D:7      | Noticed Dowan
  5824 | D:7      | Noticed Duvessa
  5832 | D:7      | Killed Duvessa
  5833 | D:7      | Reached skill level 8 in Axes
  5834 | D:7      | Killed Dowan
  5983 | D:7      | Noticed Joseph
  6046 | Abyss:2  | Cast into level 2 of the Abyss (Joseph)
  6058 | Abyss:2  | Found a corrupted altar of Lugonu.
  6158 | Abyss:2  | Noticed a flayed ghost
  6253 | Abyss:2  | Noticed an ancient zyme
  6262 | Abyss:2  | Killed an ancient zyme
  6322 | Abyss:2  | Noticed an ancient zyme
  6332 | Abyss:2  | Noticed an ancient zyme
  6343 | Abyss:2  | Killed an ancient zyme
  6345 | Abyss:2  | Killed an ancient zyme
  6351 | Abyss:2  | Noticed a wretched star
  6353 | Abyss:2  | Noticed a guardian serpent
  6362 | Abyss:2  | Noticed a glowing orange brain
  6363 | Abyss:2  | Found a corrupted altar of Lugonu.
  6447 | Abyss:2  | Reached skill level 9 in Axes
  6463 | Abyss:2  | Found a corrupted altar of Lugonu.
  6541 | Abyss:2  | Noticed a sixfirhy
  6542 | Abyss:2  | Reached XP level 10. HP: 32/63 MP: 10/10
  6645 | Abyss:2  | Noticed an eye of devastation
  6654 | Abyss:2  | Killed an eye of devastation
  6656 | Abyss:2  | Noticed a thrashing horror
  6799 | Abyss:2  | Noticed a thrashing horror
  6802 | Abyss:2  | Noticed a thrashing horror
  6846 | Abyss:2  | Noticed a starcursed mass
  6872 | Abyss:2  | Noticed a starcursed mass
  6877 | D:7      | Escaped the Abyss
  6897 | D:7      | Killed Joseph
  7188 | D:7      | Noticed Menkaure
  7195 | D:7      | Killed Menkaure
  7400 | D:7      | Found a runed translucent door.
  7401 | D:7      | Noticed Crazy Yiuf
  7411 | D:7      | Killed Crazy Yiuf
  7422 | D:7      | Identified the +6 hammer of the Shimmering Gods {flame,
                  | Fragile rN++ Int+3 SInv}
  7989 | D:8      | Noticed Gastronok
  7990 | D:8      | Noticed Maggie
  8004 | D:8      | Killed Gastronok
  8005 | D:8      | Reached skill level 5 in Shields
  8023 | D:8      | Killed Maggie
  8118 | D:8      | Identified the +5 plate armour of Niamm {Rampage Str+2
                  | Dex+5}
  8148 | D:8      | Reached skill level 10 in Axes
  8368 | D:8      | Noticed Erica
  8382 | D:8      | Killed Erica
  8383 | D:8      | Reached skill level 5 in Dodging
  8383 | D:8      | Reached XP level 11. HP: 68/68 MP: 11/11
  8437 | D:8      | Found a bloodstained altar of Trog.
  8449 | D:8      | Found a shadowy altar of Dithmenos.
  8478 | D:8      | Noticed Prince Ribbit
  8499 | D:8      | Killed Prince Ribbit
  8863 | D:9      | Noticed a two-headed ogre
  8877 | D:9      | Killed a two-headed ogre
  9117 | D:9      | Noticed Grum
  9130 | D:9      | Killed Grum
  9131 | D:9      | Reached skill level 11 in Axes
  9775 | D:10     | Entered Level 10 of the Dungeon
 11000 | D:11     | Found a staircase to the Lair.
 11072 | D:11     | Reached skill level 12 in Axes
 11189 | D:11     | Noticed a cyclops
 11201 | D:11     | Killed a cyclops
 11208 | D:11     | Noticed a two-headed ogre
 11219 | D:11     | Killed a two-headed ogre
 11295 | D:11     | Reached XP level 12. HP: 76/76 MP: 12/12
 11470 | D:11     | Found a runed translucent door.
 11606 | D:11     | Noticed Olga's ghost (journeyman TeAE)
 11606 | D:11     | Found the +4 consecrated labrys {holy, Valiant Fragile Fly
                  | SInv}
 11614 | D:11     | Killed Olga's ghost
 11652 | Lair:1   | Entered Level 1 of the Lair of Beasts
 11652 | Lair:1   | Found a frozen archway.
 11677 | IceCv    | Entered an ice cave
 12139 | IceCv    | Reached skill level 10 in Fighting
 12147 | IceCv    | Reached skill level 13 in Axes
 12514 | IceCv    | Identified the +9 short sword "Ogyistem" {venom, *Rage
                  | +Blink rPois Str+3}
 13216 | Lair:2   | Noticed a four-headed hydra
 13226 | Lair:2   | Killed a nine-headed hydra
 13227 | Lair:2   | Reached XP level 13. HP: 56/83 MP: 13/13
 13231 | Lair:2   | Reached skill level 14 in Axes
 13455 | Lair:2   | Found a staircase to the Shoals.
 13478 | Lair:2   | Reached ***** piety under Trog
 14043 | Lair:2   | Noticed Amaemon
 14073 | Lair:2   | Killed Amaemon
 14266 | Lair:2   | Noticed Nergalle
 14276 | Lair:2   | Killed Nergalle
 14637 | Lair:2   | Reached skill level 15 in Axes
 15383 | Lair:3   | Gained mutation: Your large and strong wings let you fly.
                  | [Gargoyle growth]
 15383 | Lair:3   | Reached XP level 14. HP: 72/91 MP: 14/14
 15570 | Lair:3   | Found a hole to the Spider Nest.
 15712 | Lair:3   | Received a gift from Trog
 16694 | Lair:5   | Entered Level 5 of the Lair of Beasts
 16694 | Lair:5   | Found a staircase to the Slime Pits.
 16708 | Lair:5   | Reached skill level 16 in Axes
 17082 | Lair:5   | Found the +1 robe of Vines {NoPotionHeal Regen++++}
 17672 | Lair:5   | Noticed a dire elephant
 17672 | Lair:5   | Noticed a dire elephant
 17674 | Lair:5   | Noticed a dire elephant
 17699 | Lair:5   | Noticed a dire elephant
 17707 | Lair:5   | Killed a dire elephant
 17793 | Lair:5   | Killed a dire elephant
 17797 | Lair:5   | Killed a dire elephant
 17800 | Lair:5   | Killed a dire elephant
 18215 | Lair:5   | Reached skill level 17 in Axes
 18621 | D:12     | Reached XP level 15. HP: 98/98 MP: 15/15
 18716 | D:12     | Found a runed translucent door.
 18717 | D:12     | Noticed Olga's ghost (journeyman OgEE)
 18721 | D:12     | Found Turro's Armour Emporium.
 18728 | D:12     | Found a staircase to the Orcish Mines.
 18730 | D:12     | Found Giletace's Weapon Emporium.
 18853 | D:12     | Found Behar's Distillery.
 18862 | D:12     | Bought a potion of mutation for 88 gold pieces
 18862 | D:12     | Bought a potion of mutation for 88 gold pieces
 18862 | D:12     | Bought a potion of heal wounds for 55 gold pieces
 18862 | D:12     | Bought a potion of curing for 33 gold pieces
 18862 | D:12     | Bought a potion of curing for 33 gold pieces
 18862 | D:12     | Reached skill level 5 in Stealth
 18862 | D:12     | Reached XP level 16. HP: 104/104 MP: 16/16
 18864 | D:12     | Gained mutation: Potions are less effective at restoring
                  | your health. [potion of mutation]
 18864 | D:12     | Gained mutation: You possess an exceptional clarity of
                  | mind. [potion of mutation]
 18864 | D:12     | Gained mutation: Your mind is acute. (Int +4, Str/Dex -1)
                  | [potion of mutation]
 18864 | D:12     | Gained mutation: You have a pair of small horns on your
                  | head. [potion of mutation]
 18865 | D:12     | Lost mutation: Potions are less effective at restoring your
                  | health. [potion of mutation]
 18865 | D:12     | Lost mutation: You possess an exceptional clarity of mind.
                  | [potion of mutation]
 18865 | D:12     | Lost mutation: You have a pair of small horns on your head.
                  | [potion of mutation]
 18865 | D:12     | Gained mutation: You occasionally shout uncontrollably at
                  | your foes. [potion of mutation]
 18865 | D:12     | Gained mutation: You passively dampen the noise of your
                  | surroundings. [potion of mutation]
 18866 | D:12     | Lost mutation: You passively dampen the noise of your
                  | surroundings. [potion of mutation]
 18866 | D:12     | Lost mutation: Your mind is acute. (Int +4, Str/Dex -1)
                  | [potion of mutation]
 18866 | D:12     | Lost mutation: You occasionally shout uncontrollably at
                  | your foes. [potion of mutation]
 18866 | D:12     | Gained mutation: You are dopey. (Int -2) [potion of
                  | mutation]
 18866 | D:12     | Gained mutation: You are frail. (-10% HP) [potion of
                  | mutation]
 18866 | D:12     | Gained mutation: Potions are less effective at restoring
                  | your health. [potion of mutation]
 18866 | D:12     | Lost mutation: You are frail. (-10% HP) [potion of
                  | mutation]
 18867 | D:12     | Lost mutation: Potions are less effective at restoring your
                  | health. [potion of mutation]
 18867 | D:12     | Lost mutation: You are dopey. (Int -2) [potion of mutation]
 18867 | D:12     | Gained mutation: Your magical capacity is low. (-10% MP)
                  | [potion of mutation]
 18867 | D:12     | Gained mutation: You have sharp toenails. [potion of
                  | mutation]
 19192 | D:12     | Killed Olga's ghost
 19193 | D:12     | Reached skill level 10 in Armour
 19653 | D:13     | Found a transporter.
 19653 | D:13     | Found a transporter.
 19653 | D:13     | Noticed grizmgrazm2's ghost (journeyman TrTm)
 19661 | D:13     | Identified the +6 dire flail of Manibext {speed, *Noise
                  | rCorr Dex+4 Stlth+}
 19934 | D:13     | Noticed Frances
 19945 | D:13     | Killed Frances
 20181 | D:13     | Found a flickering gateway to a bazaar.
 20190 | Bazaar   | Entered a bazaar
 20228 | Bazaar   | Found Xoov's Jewellery Boutique.
 20249 | Bazaar   | Found Loykoxku's Book Emporium.
 20270 | Bazaar   | Found Pinial's Book Boutique.
 20290 | Bazaar   | Found Moytigef's Antique Weapon Shoppe.
 20740 | D:14     | Reached skill level 18 in Axes
 20838 | D:14     | Found the +8 Wrath of Trog {antimagic, *Rage Rampage}
 20927 | D:14     | Found a gate to the Vaults.
 21084 | Vaults:1 | Entered Level 1 of the Vaults
 21107 | Vaults:1 | Identified a scroll of acquirement
 21107 | Vaults:1 | Acquired the ring of Wynus {rC+ Str+4 Dex+6}
 21174 | Vaults:1 | Noticed Asterion
 21179 | Vaults:1 | HP: 4/159 [deep troll[an ironbound preserver] (15)]
 21841 | Vaults:2 | Shot with a bolt by a yaktaur

Illustrated notes

Levels and vault maps discovered:
D:1:      saegor_arrival_simple_b, layout_rooms, minmay_misc_feat_x,
          amcnicky_mini_pool_small
D:2:      layout_loops_ring, chequers_serial_rivers_micro_c
D:3:      layout_basic, serial_shops, nicolae_shop_waterfront, minmay_circle_x
D:4:      layout_basic, serial_shops, shop
D:5:      layout_basic, minitemple, minmay_temple_entry_mist,
          minmay_quadrilaterals
D:6:      layout_layer_cave, lightli_ossuary_entry_decrepit_ruins, serial_shops,
          nicolae_shop_advertising_works [nicolae_subvault_shop_adworks]
D:7:      layout_layer_cave, serial_bayou_ford_a, minmay_holes, uniq_duvessa,
          uniq_crazy_yiuf_cottage, uniq_joseph, uniq_menkaure
D:8:      layout_basic, amethyst_overflow_temple_binary, nicolae_grassy_gnolls,
          uniq_gastronok, uniq_prince_ribbit1, uniq_maggie, uniq_erica
D:9:      layout_small_grid, dk_noncrumbling_2, uniq_grum
D:10:     layout_long_grid, st_stairs_6, solitary_fountain
D:11:     layout_cave_pools, lair_entry_dummy, ebering_ghost_reflecting_pool
D:12:     layout_basic, orc_david_3, ebering_ghost_inner_flame, serial_shops,
          nicolae_shop_tiny_glass
D:13:     layout_roguey [special_room_orc], serial_shops, bzr_firewalk,
          gammafunk_ghost_smash, minmay_nine_imps, uniq_frances
D:14:     layout_basic, hangedman_vaults_entry_quadrant_bands,
          chequers_serial_rivers_micro_d
Lair:1:   layout_chaotic_city, portal_ice_cave_entry_imps, enter_volcano_4,
          grunt_megastairs_3
Lair:2:   layout_small_grid, nicolae_shoals_entry_roost, serial_forest,
          infiniplex_forest_straight_3, infiniplex_forest_lined_corner,
          infiniplex_forest_zigzag_1, infiniplex_forest_clump_small,
          infiniplex_forest_clump_small, infiniplex_forest_lined_room_,
          infiniplex_forest_clump_tiny, infiniplex_forest_end_2,
          infiniplex_forest_lined_2, infiniplex_staircase_pool,
          grunt_megastairs_5, uniq_nergalle, uniq_amaemon
Lair:3:   layout_hall_layers, hellmonk_spider_entry_not_the_bees,
          lemuel_fruit_tree, grunt_megastairs_1, serial_bayou_shore_b
Lair:4:   layout_gridlike
Lair:5:   due_jungle_book, layout_gridlike, nicolae_slime_entry_field_trip,
          hellmonk_guarded_unrand_vines
Vaults:1: vaults_dpeg_emergency_exit, nicolae_vaults_closet_pinwheel_6,
          nicolae_vaults_little_squares_6, vaults_dpeg_cross,
          nicolae_vaults_tangram_2, nicolae_vaults_double_plus_3,
          vaults_room_door_ring, nicolae_vaults_double_plus_1, vaults_mumra_hex,
          layout_vaults_omnigrid, uniq_asterion
Vaults:2: hangedman_vaults_unwind, nicolae_vaults_windows_and_doors_thing,
          nicolae_vaults_circle_grid_a, nicolae_vaults_heist, v_alt_pattern_6,
          ontoclasm_vaults_eye, nicolae_vaults_display_case,
          vaults_standard_mumra_lines, v_misc_17, nicolae_vaults_apartment_1,
          v_misc_13, layout_vaults_omnibox, serial_shops, shop

Skill      XL: |  1  2  3  4  5  6  7  8  9 10 11 12 13 14 15 16 |
---------------+-------------------------------------------------+-----
Axes           | 3 4 5 6 7 9 10 12 13 15 17 18 | 18.3
Dodging        | 2 3 5 6 7 8 |  8.3
Fighting       | 4 5 6 7 8 9 10 11 13 14 | 14.4
Stealth        | 1 2 3 4 5 |  5.4
Armour         | 3 4 5 6 7 8 9 10 | 10.2
Shields        | 1 2 4 5 6 7 8 |  8.9
Maces & Flails | |  0.6
Evocations     | |  0.1

Action                     |  1- 3 |  4- 6 |  7- 9 | 10-12 | 13-15 | 16-18 || total
---------------------------+-------+-------+-------+-------+-------+-------++-------
  Melee: Hand axe          |    91 |   201 |   423 |   512 |       |       ||  1227
         Punch             |       |     1 |     3 |    13 |     8 |     2 ||    27
         Mace              |       |       |       |     8 |       |       ||     8
         Labrys            |       |       |       |   133 |   448 |   216 ||   797
 Invoke: Berserk           |     1 |     1 |     7 |    15 |     9 |     8 ||    41
         Trog's Hand       |     1 |       |     9 |    16 |     7 |     6 ||    39
         Brothers in Arms  |       |       |       |       |     2 |     1 ||     3
Ability: Evoke Blink       |       |       |       |     1 |       |       ||     1
    Use: Scroll            |     3 |    10 |     7 |    12 |       |     6 ||    38
         Potion            |       |       |     2 |     1 |     1 |     6 ||    10
   Stab: Sleeping          |       |       |       |       |     1 |     3 ||     4
 Armour: Animal skin       |    40 |       |       |       |       |       ||    40
         Plate armour      |       |   168 |   120 |       |       |       ||   288
         Ring mail         |       |       |   110 |   350 |   285 |   100 ||   845
  Dodge: Dodged            |    85 |    67 |   201 |   388 |   273 |   130 ||  1144
  Block: Other             |       |    30 |   103 |   145 |    93 |    52 ||   423
         Reflection        |       |       |     2 |     7 |     3 |     7 ||    19

Table legend: (Time is in decaauts)
 A = Elapsed time spent in this place.
 B = Non-inter-level travel time spent in this place.
 C = Inter-level travel time spent in this place.
 D = Time resting spent in this place.
 E = Time spent auto-exploring this place.
 F = Levels seen in this place.
 G = Mean time per level.
                   A        B        C        D        E       F      G
               +--------+--------+--------+--------+--------+-----+--------+
         Total |  21978 |  20985 |    993 |   1355 |  14998 |  25 |  879.1 |
       Dungeon |  12994 |  12241 |    753 |    337 |   9274 |  14 |  928.1 |
          Lair |   5979 |   5740 |    239 |    252 |   4381 |   5 | 1195.8 |
        Vaults |    748 |    748 |      0 |    215 |    418 |   2 |  374.0 |
         Abyss |    909 |    909 |      0 |    221 |    369 |   1 |  909.0 |
        Bazaar |    136 |    136 |      0 |      0 |    116 |   1 |  136.0 |
       Ossuary |    288 |    288 |      0 |      0 |     62 |   1 |  288.0 |
      Ice Cave |    921 |    921 |      0 |    329 |    378 |   1 |  921.0 |
               +--------+--------+--------+--------+--------+-----+--------+

Top non-repeatable levels by time:
  Lair:2: 1887 daAuts
  Lair:5: 1817 daAuts
     D:7: 1575 daAuts
     D:3: 1195 daAuts
     D:6: 1089 daAuts
     D:8: 991 daAuts
     D:5: 982 daAuts
     D:9: 961 daAuts
    D:10: 949 daAuts
   IceCv: 921 daAuts
    D:13: 917 daAuts
 Abyss:2: 909 daAuts
     D:4: 844 daAuts
  Lair:4: 787 daAuts
  Lair:3: 784 daAuts
